[Event "Early-Titled-Tuesday-Blitz-June-18-2024"]
[Site "Chess.com"]
[Date "2024.06.18"]
[Round "3"]
[White "Laico"]
[Black "yaguigor"]
[Result "0-1"]
[WhiteElo "2439"]
[BlackElo "2646"]
[TimeControl "180+1"]
[EndTime "8:30:29 PDT"]
[Termination "yaguigor won on time"]

1. e4 c5 2. Nc3 Nc6 3. f4 e6 4.
Nf3 d5 5. Bb5 Ne7 6. exd5 exd5 7. Qe2 f6 8. d4 Kf7 9. dxc5 h5 10. Be3 Bf5 11. O-O-O Qa5 12. a3 Rd8 13. Rhe1 g6 14. h3 Bh6 15. Nd4 Nxd4 16. Rxd4 a6 17. Bd3 Bxd3 18.
Rxd3 Qc7 19. Qf3 d4 20. Rxd4 Rxd4 21. Bxd4 Qxf4+ 22. Qxf4 Bxf4+ 23. Kb1 Nc6 24. Bf2 Bd2 25. Rd1 Bxc3 26. bxc3 Rd8 27. Rd6 Ke7 28. Bg3 Rd7 29. Kc1 Na5 30. Bh4 g5 31. Bg3 h4 32. Bh2 Nc4 33.
Rd4 Nxa3 34. Rb4 Nb5 35. c4 Nd4 36. Bd6+ Ke6 37. Kb2 Nc6 38. Ra4 f5 39. Ra1 f4 40.
Re1+ Kf5 41. Kc3 Rg7 42. Re8 g4 43. Rf8+ Ke6 44. Rxf4 gxh3 45. gxh3 Rg3+ 46. Kb2 Rxh3 47. Rg4 Rh1 48. Rg7 Na5 49. Kc3 h3 50. Kb4 Nc6+ 51.
Kc3 Ra1 52. Rh7 Na5 53. Rh6+ Kf5 0-1

[Event "Early-Titled-Tuesday-Blitz-June-18-2024"]
[Site "Chess.com"]
[Date "2024.06.18"]
[Round "3"]
[White "Oleg_Papayan"]
[Black "Kostukov_Alex"]
[Result "1/2-1/2"]
[WhiteElo "2563"]
[BlackElo "2317"]
[TimeControl "180+1"]
[EndTime "8:30:29 PDT"]
[Termination "Game drawn by repetition"]

1. d4 g6 2. Nc3 Bg7 3. e4 d6 4.
Nf3 e5 5. dxe5 dxe5 6. Qxd8+ Kxd8 7. Bc4 f6 8. Be3 Nd7 9. O-O-O Bh6 10. Nd5 Bxe3+ 11.
Nxe3 c6 12. Rd6 Ke7 13. Rhd1 Nf8 14. Rd8 b5 15. Bb3 Bb7 16. Rxa8 Bxa8 17. c4 a6 18. c5 Nd7 19. Bxg8 Rxg8 20. b4 Rd8 21. Kc2 Nf8 22. Ra1 Bb7 23. a4 Ra8 24. axb5 axb5 25. Ra5 Ne6 26. Rxa8 Bxa8 27. g3 Bb7 28. Kd3 Bc8 29. Nd2 Nc7 30. Nb3 Be6 31. Na5 Kd7 32. f4 g5 33. f5 Ba2 34. Ng4 Ne8 35. Ke3 h5 36. Nf2 Bf7 37. h4 g4 38. Nd1 Kc7 39.
Nc3 Ng7 40. Nb1 Ne8 41. Nd2 Ng7 42. Nab3 Bxb3 43. Nxb3 Ne8 44. Na5 Ng7 45. Nb3 Ne8 46. Nc1 Ng7 47. Nd3 Ne8 48. Ne1 Kd7 49. Kd2 Nc7 50.
Nd3 Na6 51. Kc3 Ke7 52. Nc1 Kd7 53. Nb3 Kc7 54. Na5 Nb8 55. Nb3 Na6 56. Nc1 Kd7 57. Nd3 Nc7 58. Nc1 Na6 1/2-1/2

[Event "Early-Titled-Tuesday-Blitz-June-18-2024"]
[Site "Chess.com"]
[Date "2024.06.18"]
[Round "3"]
[White "Fandorine"]
[Black "BigAl"]
[Result "0-1"]
[WhiteElo "2940"]
[BlackElo "2557"]
[TimeControl "180+1"]
[EndTime "8:30:31 PDT"]
[Termination "BigAl won by resignation"]

1. e4 c6 2. d4 d5 3. e5 Bf5 4.
h4 c5 5. dxc5 Nc6 6. g4 Bd7 7.
Qxd5 e6 8. Qe4 Bxc5 9. Nc3 Nd4 10. Rh3 Bc6 11. Qd3 Qc7 12. Ne4 Qxe5 13. Re3 Bxe4 14. Rxe4 Qh2 15. Rxd4 Bxd4 16. Qxd4 Qxg1 17. Bg5 Nf6 18.
O-O-O O-O 19. Bd3 e5 20. Qxe5 Qxg4 21. Bf5 Qh5 22. Bxf6 Rae8 23. Qc3 Qxf5 24. Bxg7 Qf4+ 25. Kb1 Qg4 26. Qd3 Qxg7 27. Rh1 Kh8 28. a3 Rd8 29. Qf3 f5 30. h5 Qf7 31. h6 Qf6 32. Qb3 b6 33. Qa4 a5 34. Qf4 Rg8 35. c3 Rg6 36.
Qc7 Rdg8 37. Rd1 Rxh6 38. Rd7 Qe6 39. Kc2 Qe4+ 40. Kb3 a4+ 41. Ka2 Qe6+ 42. c4 b5 43. Rd5 bxc4 44. Re5 Qg6 45. f4 Qg7 46. Qxc4 Rf8 47.
Qxa4 Qf7+ 48. b3 Rh2+ 49. Kb1 Rg8 50. Qd4 Qg7 51. a4 Qg1+ 52. Re1+ Qxd4 0-1

[Event "Early-Titled-Tuesday-Blitz-June-18-2024"]
[Site "Chess.com"]
[Date "2024.06.18"]
[Round "3"]
[White "19912131712118"]
[Black "MaestroCheck"]
[Result "0-1"]
[WhiteElo "2438"]
[BlackElo "2642"]
[TimeControl "180+1"]
[EndTime "8:30:31 PDT"]
[Termination "MaestroCheck won by resignation"]

1. e4 c5 2. Nf3 e6 3. d4 cxd4 4. Nxd4 Nf6 5. Nc3 Nc6 6. Ndb5 Bc5 7. Bf4 O-O 8. Bc7 Qe7 9. Bd6 Bxd6 10. Qxd6 Qd8 11. O-O-O a6 12. Nd4 Ne7 13. f3 b5 14.
g4 Bb7 15. h4 Rc8 16. h5 h6 17. Bd3 Ne8 18. Qg3 b4 19. Nce2 Qa5 20. Kb1 d6 21. Nb3 Qd8 22. g5 hxg5 23. Qxg5 Nc6 24. Qg2 a5 25. h6 g6 26. f4 a4 27. Nbd4 Nxd4 28.
Nxd4 Kh7 29. f5 exf5 30. Nxf5 gxf5 31. Rdg1 Qf6 32. Qg7+ Nxg7 33. hxg7+ Qh6 34. Rxh6+ Kxh6 35. gxf8=Q+ Rxf8 36. exf5 Re8 37. a3 bxa3 38. bxa3 Re5 39. Rg8 Be4 40. Bc4 d5 41. Bb5 Rxf5 42. Bxa4 Rf4 43.
Rd8 f5 44. Bb5 Rf2 45. Kb2 Rxc2+ 46. Kb3 Rc1 47. a4 Rb1+ 48. Ka3 f4 49. Rf8 f3 50. Ba6 Kg5 51. a5 Kg4 52. Rg8+ Kf4 53. Rf8+ Ke3 54. Ka4 d4 55. Bb5 d3 56. a6 d2 57. Rd8 d1=Q+ 58.
Rxd1 Rxd1 59. Ka5 Ra1+ 60. Kb6 Bd3 61. Bc6 Rxa6+ 62. Kb7 Rxc6 63. Kxc6 f2 0-1

[Event "Early-Titled-Tuesday-Blitz-June-18-2024"]
[Site "Chess.com"]
[Date "2024.06.18"]
[Round "3"]
[White "CheckBits"]
[Black "pineapplehhh"]
[Result "1-0"]
[WhiteElo "2405"]
[BlackElo "2093"]
[TimeControl "180+1"]
[EndTime "8:30:31 PDT"]
[Termination "CheckBits won on time"]

1. d4 d5 2. Nf3 Nf6 3. Bf4 Bf5 4. c4 c6 5. Qb3 Qc8 6. e3 e6 7. h3 Nbd7 8. Nc3 Be7 9. Rc1 dxc4 10. Bxc4 Nb6 11.
Be2 O-O 12. O-O Qd7 13. Bh2 Bd6 14. Ne5 Qe7 15. Rfd1 Ne4 16. Bf3 Nxc3 17. bxc3 f6 18. Nd3 Bxh2+ 19. Kxh2 Kh8 20. Nc5 e5 21. a4 e4 22. Be2 Rab8 23. a5 Nd5 24. c4 Nc7 25. Rb1 b6 26. axb6 axb6 27. Na4 Na8 28. Qb4 Qxb4 29.
Rxb4 Rf7 30. Rdb1 Rfb7 31. d5 Bd7 32. Nc5 Ra7 33. Nxe4 cxd5 34. cxd5 Bf5 35. R1b2 Bxe4 36. Rxe4 Rd7 37. Rd4 f5 38. g4 g6 39. Bb5 Rd6 40. gxf5 gxf5 41. f3 Nc7 42. e4 fxe4 43. fxe4 Kg7 44.
Bc6 b5 45. e5 Rdd8 46. Rg2+ Kh8 47. d6 Ne6 48. Rb4 Nc5 49. Rxb5 Rxb5 50. Bxb5 Ne4 51.
d7 Nc5 52. Rc2 Ne6 53. Rc6 Nd4 54. e6 1-0

[Event "Early-Titled-Tuesday-Blitz-June-18-2024"]
[Site "Chess.com"]
[Date "2024.06.18"]
[Round "3"]
[White "Juwen"]
[Black "Cxrjs"]
[Result "0-1"]
[WhiteElo "2648"]
[BlackElo "2520"]
[TimeControl "180+1"]
[EndTime "8:30:34 PDT"]
[Termination "Cxrjs won on time"]

1. d4 Nf6 2. c4 e6 3. Nc3 d5 4.
cxd5 exd5 5. Bg5 c6 6. e3 h6 7. Bh4 Be7 8. Bd3 O-O 9. Nf3 Re8 10. O-O Nbd7 11. Qc2 Ne4 12. Bxe4 Bxh4 13. Bh7+ Kh8 14. Bd3 Bf6 15. Rae1 Nf8 16. h3 a5 17. a3 Be6 18.
b4 axb4 19. axb4 Qd6 20. e4 Qxb4 21. e5 Be7 22. Rb1 Qa5 23. Rxb7 c5 24. Nb5 c4 25.
Bf5 Qa6 26. Rxe7 Rxe7 27. Nd6 Qa2 28. Qc1 Rc7 29. Qf4 Raa7 30. Nb5 Rab7 31. Nxc7 Rxc7 32. g4 c3 33. g5 Bxf5 34. Qxf5 Qa6 35. Rc1 Qg6 36.
Qxg6 Nxg6 37. Kf1 Nf4 38. Rc2 Nxh3 39. gxh6 gxh6 40. Ke2 h5 41. Nh4 Kg7 42. Nf5+ Kg6 43. Ne3 Nf4+ 44. Kf3 Ne6 45. Nxd5 Nxd4+ 46. Ke4 Nxc2 47.
Nxc7 Ne1 48. Ke3 h4 49. Nd5 c2 50. Kd2 Kf5 51. Ne3+ Kxe5 0-1

[Event "Early-Titled-Tuesday-Blitz-June-18-2024"]
[Site "Chess.com"]
[Date "2024.06.18"]
[Round "3"]
[White "snowlord"]
[Black "DarkAlekhine"]
[Result "1-0"]
[WhiteElo "2964"]
[BlackElo "2738"]
[TimeControl "180+1"]
[EndTime "8:30:35 PDT"]
[Termination "snowlord won by resignation"]

1. d4 Nf6 2. Bg5 d5 3. e3 c5 4. Nd2 Nc6 5. c3 e6 6. Bd3 Qb6 7. Rb1 Bd7 8. Ngf3 h6 9. Bh4 Be7 10. O-O O-O 11. Ne5 Be8 12. f4 Nd7 13. Bf2 f6 14. Qg4 fxe5 15. Qxe6+ Kh8 16. fxe5 Ncxe5 17. Qxb6 axb6 18. dxe5 Nxe5 19. Bc2 Bb5 20. Rfd1 Nd3 21. Bg3 Rxa2 22. Bb3 Rxb2 23. Bxd5 Bg5 24. Nf1 Ba6 25.
h4 Bf6 26. c4 Rxb1 27. Rxb1 Nb4 28. Bf3 Bxc4 29. Bxb7 Bd3 30. Rd1 Rb8 31. Bxb8 c4 32.
Bd6 Nc2 33. Ba6 Bxf1 34. Rxf1 Nxe3 35. Re1 Bd4 36. Kh1 c3 37. Bd3 Kg8 38. Bf4 Ng4 39. Bc4+ Kh7 40. Bb3 Kg6 41. g3 Nf2+ 42. Kg2 Kf6 43.
Bc2 Ng4 44. Kf3 h5 45. Ke4 Bc5 46. Kd3 Bb4 47. Kc4 Ba5 48. Bg5+ Kf7 49. Kb3 g6 50. Re2 b5 51. Bd3 Bb6 52. Bxb5 Bc7 53. Bf4 Bd8 54.
Bc4+ Kf8 55. Kxc3 Ba5+ 56. Kb3 Bb6 57. Re6 1-0

[Event "Early-Titled-Tuesday-Blitz-June-18-2024"]
[Site "Chess.com"]
[Date "2024.06.18"]
[Round "3"]
[White "carokannlover213"]
[Black "Vladimir_Zakhartsov"]
[Result "0-1"]
[WhiteElo "2686"]
[BlackElo "2909"]
[TimeControl "180+1"]
[EndTime "8:30:35 PDT"]
[Termination "Vladimir_Zakhartsov won by checkmate"]

1. d4 e6 2. c4 Bb4+ 3. Bd2 Bxd2+ 4. Qxd2 d6 5. g3 Nf6 6. Bg2 O-O 7. Nf3 Qe7 8. O-O e5 9. Nc3 Nc6 10. d5 Nb8 11. Qc2 a5 12. Nd2 Na6 13. b3 Nd7 14. a3 f5 15. e3 e4 16. Kh1 Nac5 17.
f3 exf3 18. Nxf3 Nf6 19. b4 Nce4 20. Nxe4 Nxe4 21. Nd4 axb4 22. axb4 Rxa1 23. Rxa1 Nf6 24. Nxf5 Qe5 25. Rf1 Ng4 26. Be4 g6 27. h3 gxf5 28.
hxg4 Qxe4+ 29. Qxe4 fxe4 30. Ra1 Bxg4 31. Ra7 Rb8 32.
Kg2 Kf7 33. c5 Ke7 34. c6 Bc8 35.
b5 Kd8 36. Ra4 bxc6 37. bxc6 Rb2+ 38. Kg1 Rd2 39. Ra5 h5 40. Kf1 Bh3+ 41. Ke1 Rd3 42. Ra8+ Ke7 43. Ke2 Bg4+ 44. Kf2 Rd2+ 45. Ke1 Re2+ 46.
Kf1 Rxe3 47. Ra7 Kd8 48. Ra8+ Bc8 49. Kf2 Rf3+ 50. Kg2 Rd3 51. Ra5 Rd2+ 52. Kf1 e3 53. Ke1 Bg4 54. Ra8+ Ke7 55. Ra1 Rxd5 56. Kf1 Rd1+ 57.
Rxd1 e2+ 58. Kg2 exd1=Q 59. Kh2 Qe2+ 60. Kg1 Bh3 61. g4 Qg2# 0-1

[Event "Early-Titled-Tuesday-Blitz-June-18-2024"]
[Site "Chess.com"]
[Date "2024.06.18"]
[Round "3"]
[White "secrethawk1"]
[Black "Alenzer"]
[Result "1-0"]
[WhiteElo "2421"]
[BlackElo "2176"]
[TimeControl "180+1"]
[EndTime "8:30:37 PDT"]
[Termination "secrethawk1 won on time"]

1. Nf3 d5 2. e3 c5 3. c4 e6 4. d4 Nc6 5. Nc3 Nf6 6. Be2 a6 7. O-O dxc4 8. Bxc4 b5 9. Be2 Bb7 10. a3 cxd4 11. exd4 Bd6 12. Bg5 h6 13. Bxf6 Qxf6 14. d5 Ne5 15. Ne4 Nxf3+ 16. Bxf3 Qe5 17. Nxd6+ Qxd6 18. dxe6 Qxd1 19. exf7+ Kxf7 20. Bxd1 Rad8 21. Bb3+ Kf6 22.
Rad1 h5 23. f3 h4 24. Kf2 h3 25. g4 Rhe8 26. Kg3 Rxd1 27. Bxd1 Re3 28. Kxh3 g5 29. Kg3 a5 30. h4 gxh4+ 31. Kxh4 b4 32. axb4 axb4 33. g5+ Kf5 34. Bc2+ Kf4 35. Bd1 Re8 36. Kh5 Kf5 37. Bc2+ Kf4 38. Kh6 Bd5 39. g6 b3 40.
Be4 Be6 41. g7 Bg8 42. Rg1 Re6+ 43. Kh5 Re5+ 44. Kh4 Re6 45. Rg4+ Ke3 46. Kg3 Re5 47. Rf4 Rc5 48. Rg4 Rc8 49. Bf5 Rd8 50. Re4+ Kd2 51.
Rb4 Rc8 52. Bxc8 1-0

[Event "Early-Titled-Tuesday-Blitz-June-18-2024"]
[Site "Chess.com"]
[Date "2024.06.18"]
[Round "3"]
[White "Timerkhanov"]
[Black "Juicy_Fork"]
[Result "1-0"]
[WhiteElo "2708"]
[BlackElo "2414"]
[TimeControl "180+1"]
[EndTime "8:30:38 PDT"]
[Termination "Timerkhanov won by resignation"]

1. d4 Nf6 2. Bg5 d5 3. Nd2 h6 4. Bxf6 exf6 5. e3 Be7 6. g3 O-O 7. Bg2 c6 8. Ne2 f5 9. c4 dxc4 10. Nxc4 Nd7 11. O-O Nf6 12. Ne5 Bd6 13. Nd3 Be6 14.
Nef4 Bc4 15. Qc2 Ba6 16. Rfd1 Qa5 17. a3 Rad8 18. b4 Qb5 19. Nc5 Bxc5 20. bxc5 g6 21. Rab1 Qa5 22. Qb3 Kg7 23. Bf1 Bxf1 24. Rxf1 Rd7 25.
Qb4 Qd8 26. Nd3 Nd5 27. Qb2 Re8 28. Ne5 Rc7 29. Qc2 Nf6 30. Rb3 h5 31. h4 Ng4 32.
Nc4 f4 33. Nd6 fxg3 34. Nxe8+ Qxe8 35. fxg3 Nxe3 36. Re1 Re7 37. Qb2 Nd5 38. Rxe7 Qxe7 39. Rxb7 Qe1+ 40. Kg2 Ne3+ 41. Kf3 Ng4 42. Qe2 Qh1+ 43.
Qg2 Qd1+ 44. Qe2 Qxd4 45. Qb2 Qxb2 46. Rxb2 Ne5+ 47. Ke4 Nd7 48. Kd4 Kf6 49. Rb7 Ke6 50. Rxa7 f6 51. a4 g5 52. a5 gxh4 53. gxh4 f5 54.
a6 Nb8 55. Ra8 1-0

[Event "Early-Titled-Tuesday-Blitz-June-18-2024"]
[Site "Chess.com"]
[Date "2024.06.18"]
[Round "3"]
[White "crazy_but_lazy"]
[Black "Gryffindorac8"]
[Result "1-0"]
[WhiteElo "2675"]
[BlackElo "2471"]
[TimeControl "180+1"]
[EndTime "8:30:38 PDT"]
[Termination "crazy_but_lazy won by resignation"]

1. Nf3 Nf6 2. c4 e6 3. e3 d5 4. Nc3 c5 5. cxd5 exd5 6. d4 Nc6 7. Bb5 Bd6 8. dxc5 Bxc5 9. O-O O-O 10. b3 Bg4 11.
Be2 a6 12. Bb2 Re8 13. Rc1 Ba7 14. h3 Bh5 15. Nh4 Bxe2 16. Nxe2 Ne4 17. Nf3 Qd6 18. Ned4 Ne7 19. Qd3 Rad8 20. Rc2 Bb8 21. Rd1 h6 22. Ne2 Ng6 23. Qd4 Qf8 24. Nc3 Ne5 25. Nxe5 Bxe5 26. Qd3 Bxc3 27. Bxc3 Qe7 28. Bd4 Rd7 29. Rdc1 Qg5 30. Rc7 Qe7 31. Rxd7 Qxd7 32. Qc2 Qe6 33. Qc7 Re7 34. Qb8+ Kh7 35. Rc8 f5 36. g3 Kg6 37.
Rg8 Nf6 38. Rd8 Ne4 39. Rg8 Nf6 40. Bxf6 Qxf6 41. Rd8 Qa1+ 42. Kg2 Qf6 43. Rd6 Re6 44. Rxe6 Qxe6 45. Qxb7 Qe4+ 46. Kg1 Qf3 47. Qc6+ Kh7 48. Qc1 Qe4 49. Qd2 h5 50. h4 Qf3 51. Qd4 Qg4 52.
Qxg4 hxg4 53. Kf1 Kg6 54. Ke2 Kf6 55. Kd3 Ke6 56. Kd4 Kd6 57. b4 g6 58. a4 Kc6 59.
b5+ axb5 60. axb5+ Kxb5 61. Kxd5 Kb4 62. Kd4 Kb3 63.
e4 fxe4 64. Kxe4 Kc3 65. Kf4 Kd3 66. Kxg4 1-0

[Event "Early-Titled-Tuesday-Blitz-June-18-2024"]
[Site "Chess.com"]
[Date "2024.06.18"]
[Round "3"]
[White "Meri-Arabidze"]
[Black "KinKaiser"]
[Result "1-0"]
[WhiteElo "2667"]
[BlackElo "2463"]
[TimeControl "180+1"]
[EndTime "8:30:38 PDT"]
[Termination "Meri-Arabidze won by resignation"]

1. Nf3 Nf6 2. c4 c6 3. g3 d5 4.
Bg2 g6 5. O-O Bg7 6. d4 O-O 7.
a4 Nbd7 8. a5 Ne4 9. Nc3 Nxc3 10.
bxc3 Nf6 11. Ne5 Ng4 12. Nxg4 Bxg4 13. h3 Be6 14. c5 b6 15. Ba3 b5 16. Bc1 a6 17. g4 Bd7 18. e4 e6 19. e5 f6 20.
exf6 Qxf6 21. f4 Rae8 22. Ra2 h6 23. Raf2 Qd8 24. Ra2 Kh7 25. Be3 Rf7 26. Qd2 Ref8 27. Rf2 Qc7 28. Bf1 Rf6 29. Bd3 Be8 30. Qd1 R8f7 31.
g5 Rf5 32. Bxf5 Rxf5 33. h4 h5 34. Bc1 Bf8 35. Rfe2 Bf7 36. Qe1 Qd7 37. Re5 Bg7 38. Rxf5 gxf5 39. Re2 Kg6 40. Be3 Qc8 41. Kf2 Qd7 42.
Kg3 Qc8 43. Rb2 Qd7 44. Bc1 Qd8 45. Ra2 Qd7 46. Re2 Qc8 47. Bb2 Qd7 48. Qd2 Qc8 49.
c4 dxc4 50. d5 cxd5 51. Bxg7 Kxg7 52. Qd4+ Kg8 53. Qf6 Qe8 54. g6 Bxg6 55. Rxe6 Qf7 56. Qxg6+ Kf8 57. Qh6+ Kg8 58. Rg6+ 1-0

[Event "Early-Titled-Tuesday-Blitz-June-18-2024"]
[Site "Chess.com"]
[Date "2024.06.18"]
[Round "3"]
[White "Revan_2002"]
[Black "Chopper1905"]
[Result "1-0"]
[WhiteElo "2733"]
[BlackElo "2918"]
[TimeControl "180+1"]
[EndTime "8:30:39 PDT"]
[Termination "Revan_2002 won by checkmate"]

1. d4 Nf6 2. c4 e6 3. Nf3 b6 4.
a3 Bb7 5. Nc3 d5 6. cxd5 Nxd5 7.
Qc2 Nd7 8. e4 Nxc3 9. bxc3 Be7 10. Bd3 c5 11. O-O Qc7 12. Qe2 O-O 13. Bb2 Rac8 14. Qe3 Rfd8 15. Rad1 Bd6 16. e5 Be7 17. Ng5 Nf8 18. f4 f5 19. exf6 Bxf6 20. Qh3 h6 21. Nxe6 Nxe6 22. Qxe6+ Qf7 23. Bc4 Qxe6 24.
Bxe6+ Kf8 25. Bxc8 Rxc8 26. a4 cxd4 27. cxd4 Rc4 28.
a5 bxa5 29. Ba3+ Ke8 30. Bc5 a4 31. Rfe1+ Kd7 32. Rc1 Rxc1 33. Rxc1 Bd5 34. Ra1 Bb3 35. Bxa7 Kc6 36. Kf2 Kd5 37. Ke3 Kc4 38. g4 Be7 39. Bc5 Bd8 40. Rc1+ Kd5 41. Ba3 Bb6 42. Bc5 Ba5 43. h4 Bc4 44. g5 h5 45. f5 Bc7 46.
Ra1 Bb3 47. f6 g6 48. f7 Kc4 49. f8=Q Kc3 50. Qf2 Ba5 51. Qd2+ Kc4 52. Qxa5 Kd5 53. Qb4 Ke6 54. Rxa4 Kf5 55. Qb8 Kg4 56. Qf4+ Kh3 57. Ra3 Bd1 58. Kf2+ Bb3 59. Rxb3# 1-0

[Event "Early-Titled-Tuesday-Blitz-June-18-2024"]
[Site "Chess.com"]
[Date "2024.06.18"]
[Round "3"]
[White "chrisclaireredfield"]
[Black "Kors67"]
[Result "1/2-1/2"]
[WhiteElo "2494"]
[BlackElo "2286"]
[TimeControl "180+1"]
[EndTime "8:30:40 PDT"]
[Termination "Game drawn by repetition"]

1. Nf3 d5 2. g3 c5 3. Bg2 Nc6 4.
d4 e6 5. O-O Nf6 6. c4 Be7 7.
cxd5 exd5 8. Nc3 O-O 9. Be3 c4 10. Ne5 Be6 11. Nxc4 dxc4 12. d5 Nxd5 13. Nxd5 Rc8 14.
Nxe7+ Qxe7 15. Qd2 b5 16. a3 Rfd8 17. Qc3 Qd7 18.
h4 Bh3 19. Rfd1 Qxd1+ 20. Rxd1 Rxd1+ 21. Kh2 Bxg2 22. Kxg2 Rd5 23. Qc2 a6 24. Qe4 Rcd8 25. g4 R5d6 26. h5 h6 27. g5 Re6 28. Qh4 hxg5 29.
Qxg5 Rde8 30. Qg3 Kh7 31. Qc7 R8e7 32. Qc8 Ne5 33. Bd4 Ng4 34. e3 Nh6 35. Bc3 Nf5 36.
Qc5 Nh6 37. Qg5 f6 38. Qg6+ Kg8 39. Bb4 Re8 40. Bc5 f5 41. Qg3 Rf6 42. Bd4 Rf7 43. Qd6 f4 44. Qxa6 fxe3 45. fxe3 Ng4 46.
Qxb5 Ref8 47. Kg3 Nh6 48. Qxc4 Kh7 49. Qc2+ Kg8 50. Qg6 Rf3+ 51. Kg2 Rf2+ 52. Kg1 Rf1+ 53. Kg2 R1f2+ 54. Kg1 Rf1+ 55. Kh2 R8f2+ 56. Kh3 Rf3+ 57. Kg2 R1f2+ 58. Kg1 Rf1+ 59. Kg2 R1f2+ 60. Kg1 Rf1+ 61. Kg2 1/2-1/2

[Event "Early-Titled-Tuesday-Blitz-June-18-2024"]
[Site "Chess.com"]
[Date "2024.06.18"]
[Round "3"]
[White "Adrian-thorsen"]
[Black "N_Mullodzhanov"]
[Result "1-0"]
[WhiteElo "2328"]
[BlackElo "2559"]
[TimeControl "180+1"]
[EndTime "8:30:41 PDT"]
[Termination "Adrian-thorsen won by resignation"]

1. e4 c5 2. Nf3 d6 3. c3 Nf6 4. h3 Nxe4 5. Qa4+ Nc6 6. Qxe4 g6 7.
Bb5 Bd7 8. d4 a6 9. Bxc6 Bxc6 10.
d5 Bb5 11. c4 Bd7 12. O-O Bg7 13.
Nc3 O-O 14. Bf4 Bf5 15. Qe2 Re8 16. Rad1 Rb8 17. a4 e5 18. dxe6 Rxe6 19. Qd2 h5 20. Ng5 Re8 21. Qxd6 Qa5 22. Qc7 Qxc7 23. Bxc7 Rbc8 24.
Bb6 Bxc3 25. bxc3 Bc2 26. Rd7 f6 27. Nf7 Bxa4 28. Rxb7 Rb8 29. Nd6 Rxb7 30. Nxb7 Bb3 31. Nd6 Re5 32. f4 Re3 33. Rf3 Re1+ 34. Kf2 Ra1 35.
Bxc5 a5 36. Re3 a4 37. Nb5 Bxc4 38. Na3 Ra2+ 39. Kg3 Bd5 40. c4 Rxg2+ 41. Kh4 Bf7 42. Rg3 Re2 43. Bd4 Kg7 44. Bc3 Re4 45. Rf3 Bxc4 46.
Nxc4 Rxc4 47. Kg3 g5 48. fxg5 h4+ 49. Kf2 a3 50. Bxf6+ Kg6 51. Rxa3 Rc2+ 52. Kf3 Rh2 53. Kg4 Rc2 54. Kxh4 Rc4+ 55. Kg3 Rc6 56. Rf3 Rc7 57. h4 Rh7 58. Be5 Kh5 59. Rf6 Rh8 60. Bd4 Rh7 61. Re6 Rh8 62. Rh6+ Rxh6 63. gxh6 Kg6 64. Kg4 Kh7 65.
Kh5 Kg8 66. Kg6 Kf8 67. h7 Ke7 68. h8=Q Ke6 69. Qe5+ Kd7 70. Qf6 1-0

[Event "Early-Titled-Tuesday-Blitz-June-18-2024"]
[Site "Chess.com"]
[Date "2024.06.18"]
[Round "3"]
[White "Artyom_ChessMate"]
[Black "Eduard_Limonov"]
[Result "1/2-1/2"]
[WhiteElo "2547"]
[BlackElo "2932"]
[TimeControl "180+1"]
[EndTime "8:30:42 PDT"]
[Termination "Game drawn by repetition"]

1. e4 c6 2. d4 d5 3. exd5 cxd5 4. Bd3 Nf6 5. c3 Nc6 6. Bf4 Bg4 7. Qb3 e5 8. h3 Na5 9. Qc2 Bd1 10. Qxd1 exf4 11. Nf3 Bd6 12. O-O O-O 13. Re1 Re8 14. Nbd2 Qb6 15.
Qc2 g6 16. Ne5 Bxe5 17. dxe5 Nd7 18. Nf3 Nc5 19. Rad1 Rad8 20. Qc1 Nc6 21. Qxf4 Ne6 22. Qc1 d4 23. cxd4 Nexd4 24. Nxd4 Rxd4 25. e6 Rxe6 26. Rxe6 fxe6 27. Bc4 Rxd1+ 28. Qxd1 Nd4 29. b3 Kg7 30.
Qe1 Qd6 31. Qa5 a6 32. Qc3 e5 33. Qe3 b5 34. Bd3 Ne6 35. Be4 Nd4 36. g3 a5 37.
Kg2 a4 38. bxa4 bxa4 39. h4 h5 40. Qc3 a3 41. Qc8 Ne6 42. Qb7+ Kh6 43. Qa8 Kg7 44. Qb7+ Qc7 45. Qd5 Nc5 46. Qc4 Qd6 47. Bf3 Qd4 48. Qb5 Nd3 49. Qb7+ Kh6 50. Qa8 Qxf2+ 51. Kh3 Qf1+ 52.
Kh2 Qf2+ 53. Kh3 Kg7 54. Qb7+ Kh6 55. Qa8 1/2-1/2

[Event "Early-Titled-Tuesday-Blitz-June-18-2024"]
[Site "Chess.com"]
[Date "2024.06.18"]
[Round "3"]
[White "tarno17"]
[Black "AttilaTurzo"]
[Result "0-1"]
[WhiteElo "2192"]
[BlackElo "2427"]
[TimeControl "180+1"]
[EndTime "8:30:42 PDT"]
[Termination "AttilaTurzo won on time"]

1. e4 e5 2. Nf3 Nc6 3. Bb5 a6 4. Ba4 Nf6 5. O-O Be7 6. c3 Nxe4 7. Re1 Nc5 8. Bxc6 dxc6 9. Nxe5 Nd3 10. Nxd3 Qxd3 11. Re3 Qd5 12. d4 Be6 13. Nd2 O-O 14. Nf3 c5 15. Re5 Qd7 16. Be3 cxd4 17. Nxd4 Bf6 18. Nxe6 Qxd1+ 19. Rxd1 Bxe5 20. Nxf8 Kxf8 21. Bc5+ Kg8 22. Rd7 b6 23. Be3 Kf8 24. Rd5 Re8 25. g3 Re6 26. Kg2 Ke8 27. Rd3 f5 28. f4 Bf6 29. Kf3 g6 30. h4 b5 31. a3 a5 32.
Rd5 c6 33. Rd3 a4 34. Rd2 Be7 35. Rd3 Rd6 36. Ke2 Rxd3 37. Kxd3 Kd7 38. Bb6 Ke6 39. Kd4 Bd6 40. Bc5 Bc7 41. Bf8 Bb6+ 42. Bc5 Bc7 43.
Bf8 Kd7 44. Bc5 Bb8 45. Bf8 Ba7+ 46. Bc5 Bb8 47. Bf8 h5 48. Bc5 Bc7 49. Ba7 Ke6 50.
Bc5 Kd7 51. Bf8 Bd8 52. Bc5 Bf6+ 53. Kd3 Ke6 54. Bd4 Be7 55. Bb6 Kd5 56. Bc7 c5 57. Be5 b4 58. cxb4 cxb4 59. axb4 Bxb4 60. Bg7 Be1 0-1

[Event "Early-Titled-Tuesday-Blitz-June-18-2024"]
[Site "Chess.com"]
[Date "2024.06.18"]
[Round "3"]
[White "Zhani-Z"]
[Black "bazar-wokzal"]
[Result "1-0"]
[WhiteElo "2377"]
[BlackElo "2587"]
[TimeControl "180+1"]
[EndTime "8:30:43 PDT"]
[Termination "Zhani-Z won on time"]

1. e4 Nc6 2. Nf3 d5 3. exd5 Qxd5 4. Nc3 Qa5 5. Bb5 Bd7 6. d4 a6 7. Bxc6 Bxc6 8. O-O O-O-O 9. Ne5 Be8 10. Qf3 f6 11.
Nc4 Qh5 12. Qxh5 Bxh5 13. d5 Bf7 14. Rd1 e6 15. dxe6 Rxd1+ 16. Nxd1 Bxe6 17. Nce3 Bc5 18. Nc3 Ne7 19. Bd2 Rd8 20. Rd1 Nc6 21. a3 Nd4 22. Kf1 g5 23. Ne4 Be7 24. Bc3 c5 25. g4 h5 26. h3 f5 27. Bxd4 fxe4 28. Bc3 Rxd1+ 29.
Nxd1 hxg4 30. hxg4 Bxg4 31. Ne3 Be6 32. Be5 Kd7 33. Ke2 b5 34. c3 Kc6 35. b4 a5 36.
bxa5 c4 37. Nc2 Kb7 38. Nb4 Bc5 39. Bf6 g4 40. Bg5 Bd6 41. Be3 g3 42. a6+ Ka8 43. fxg3 Bxg3 44. Bd4 Bf4 45. Kf2 Bf7 46. Be3 Be5 47.
Kg2 Be6 48. Kf2 Bxc3 49. Bc5 Bd2 50. Ke2 Bf4 51. Be3 Be5 52. Nc6 Bd6 53. Nd4 Bd7 54. Nc2 Bc6 55. Bd2 Bd7 56. Be3 Bg4+ 57. Kd2 Bf5 58. Kc3 1-0

[Event "Early-Titled-Tuesday-Blitz-June-18-2024"]
[Site "Chess.com"]
[Date "2024.06.18"]
[Round "3"]
[White "Predatoru"]
[Black "SicilianPanzer"]
[Result "0-1"]
[WhiteElo "2558"]
[BlackElo "2353"]
[TimeControl "180+1"]
[EndTime "8:30:44 PDT"]
[Termination "SicilianPanzer won by resignation"]

1. b3 Nf6 2. Bb2 g6 3. c4 Bg7 4. g3 O-O 5. Bg2 c6 6. Nf3 d5 7.
O-O Bf5 8. d3 Qc8 9. Nbd2 Bh3 10. Rc1 Bxg2 11. Kxg2 Qd8 12. b4 a5 13. b5 Nbd7 14.
cxd5 cxd5 15. e4 a4 16. e5 Ne8 17. Re1 Nc7 18. Rb1 Nxb5 19. e6 Bxb2 20. Rxb2 Nc3 21.
Qc2 Rc8 22. exd7 Qxd7 23. Ne5 Qd6 24. Rxb7 d4 25. Ndc4 Qd5+ 26. Kg1 Qxb7 27. h4 f6 28. Ng4 h5 29. Nh2 e5 30. Nd6 Qd5 31.
Nxc8 Rxc8 32. Qd2 Qxa2 33. Qh6 Qf7 34. g4 Qh7 35. Qd2 hxg4 36. Nxg4 Qxh4 37. Nh2 Qg5+ 38. Qxg5 fxg5 39. Ra1 Ra8 40. Nf3 a3 41. Nxe5 a2 42. Nc6 Ra6 43. Nxd4 Rb6 44. Kg2 Rb1 45. Nc2 Rb2 46. Ne3 Rd2 47. Kg3 Rxd3 48. Kg4 Kg7 49. Kxg5 Rd2 50. f4 Ne4+ 51. Kg4 Nc5 52. Nc4 Rc2 53. Na3 Rb2 54. Nc4 Rc2 55. Na3 Re2 56. Kf3 Rh2 57. Kg3 Rb2 58. Nc4 Rb4 59. Ne3 Ra4 60. Kf3 Nb3 61. Rxa2 Rxa2 62. Ke4 0-1

[Event "Early-Titled-Tuesday-Blitz-June-18-2024"]
[Site "Chess.com"]
[Date "2024.06.18"]
[Round "3"]
[White "Matalon"]
[Black "Marcin"]
[Result "1-0"]
[WhiteElo "2452"]
[BlackElo "2625"]
[TimeControl "180+1"]
[EndTime "8:30:45 PDT"]
[Termination "Matalon won by checkmate"]

1. e4 c5 2. Nf3 e6 3. d4 cxd4 4. Nxd4 Nc6 5. Nc3 Qc7 6. Be3 a6 7. Bd3 Nf6 8. O-O Be7 9. f4 d6 10.
Qf3 Nxd4 11. Bxd4 e5 12. Be3 Be6 13. f5 Bd7 14. Kh1 Bc6 15. Bg5 b5 16. a4 b4 17.
Bxf6 Bxf6 18. Nd5 Bxd5 19. exd5 O-O 20. Qe4 a5 21. Bb5 Qc5 22. Bc6 Rab8 23. Rf3 Qd4 24.
Qxd4 exd4 25. Re1 Be5 26. b3 g6 27. g4 Kg7 28. Kg2 h5 29. Re4 Rh8 30. h3 hxg4 31. Rxg4 Rh5 32. fxg6 f5 33. Rgg3 Bxg3 34. Rxg3 Rd8 35.
Bb5 Rh6 36. Bd3 Rxg6 37. Bxf5 Rxg3+ 38. Kxg3 Kf6 39. Bd3 Rg8+ 40. Kf4 Rh8 41. Kg4 Rg8+ 42. Kf4 Rh8 43. Kg4 Ke5 44. h4 Kxd5 45. Kg5 Ke5 46. h5 Rg8+ 47. Bg6 d3 48. cxd3 d5 49. h6 d4 50. h7 Rh8 51. Be4 Rd8 52. Kg6 Rd6+ 53.
Kg7 Rd7+ 54. Kg8 Rd8+ 55. Kg7 Rd7+ 56. Kh6 Rd6+ 57. Bg6 Rd8 58. Kg7 Kf4 59. h8=Q Rxh8 60. Kxh8 Ke3 61. Kg7 Kd2 62. Kf6 Kc3 63. Ke5 Kxb3 64.
Kxd4 Kxa4 65. Kc4 Ka3 66. d4 b3 67. d5 a4 68. d6 b2 69. d7 Ka2 70. d8=Q a3 71.
Qd3 b1=Q 72. Qxb1# 1-0